 Dungeon Crawl Stone Soup version 0.28.0 (webtiles) character file.

Game seed: 1000218248314055821

1085 crazypyro the Basher (level 8, -3/78 HPs)
             Began as an Ogre Monk on Feb 4, 2022.
             Was a Believer of Makhleb.
             Slain by a manticore (13 damage)
             ... on level 6 of the Dungeon.
             The game lasted 00:05:58 (5665 turns).

crazypyro the Basher (Ogre Monk)                    Turns: 5665, Time: 00:05:58

Health: -3/78      AC: 15    Str: 18    XL:     8   Next: 30%
Magic:  9/9        EV: 10    Int: 11    God:    Makhleb [**....]
Gold:   304        SH:  0    Dex: 11    Spells: 7/7 levels left

rFire   . . .      SeeInvis .   w - +1 flail (protect)
rCold   . . .      Faith    .   (no shield)
rNeg    . . .      Spirit   .   b - +0 robe
rPois   .          Reflect  .   (helmet restricted)
rElec   .          Harm     .   q - +0 cloak
rCorr   .          Rampage  .   (gloves unavailable)
Will    +....                   (boots unavailable)
Stlth   ++........              (no amulet)
HPRegen 0.23/turn               f - +4 ring of protection
MPRegen 0.11/turn               p - ring of willpower

@: mighty, under a protective aura
A: large, unfitting armour, tough skin 1
a: Renounce Religion, Minor Destruction


You were on level 6 of the Dungeon.
You worshipped Makhleb.
Makhleb was pleased with you.
You visited 2 branches of the dungeon, and saw 7 of its levels.

You collected 304 gold pieces.

Inventory:

Hand Weapons
 a - a +0 mace
 g - a +2 whip of draining
 v - a +0 flail
 w - a +1 flail of protection (weapon)
 C - a +0 morningstar
Armour
 b - a +0 robe (worn)
 q - a +0 cloak (worn)
Jewellery
 d - a +6 ring of intelligence
 f - a +4 ring of protection (left hand)
 p - a ring of willpower (right hand)
 x - an amulet of guardian spirit
Wands
 y - a wand of digging (5)
 B - a wand of iceblast (10)
Scrolls
 c - 2 scrolls of immolation {unknown}
 h - 7 scrolls of teleportation {unknown}
 i - a scroll of holy word {unknown}
 j - a scroll of identify {unknown}
 k - a scroll of vulnerability {unknown}
 l - a scroll of amnesia {unknown}
 n - a scroll of fear {unknown}
 r - a scroll of summoning {unknown}
 t - a scroll of enchant armour {unknown}
Potions
 e - a potion of might
 m - a potion of lignification {unknown}
 o - a potion of attraction {unknown}
 s - 2 potions of heal wounds {unknown}
 u - a potion of flight {unknown}
 z - a potion of curing {unknown}
 A - a potion of haste {unknown}


   Skills:
 - Level 4.0 Fighting
 * Level 9.0 Maces & Flails
 - Level 2.6 Dodging
 - Level 1.4 Stealth
 + Level 2.0 Invocations


You had 7 spell levels left.
You didn't know any spells.
Your spell library contained the following spells:

 Spells                   Type           Power      Damage    Failure   Level
 Freeze                   Ice            0%         1d3       34%         1
 Ensorcelled Hibernation  Hex/Ice        0%         N/A       47%         2
 Passwall                 Tmut/Erth      0%         N/A       47%         2
 Frozen Ramparts          Ice            0%         1d2       71%         3
 Ozocubu's Armour         Ice            0%         N/A       71%         3
 Swiftness                Air            0%         N/A       71%         3
 Hailstorm                Conj/Ice       0%         3d3       98%         4
 Ozocubu's Refrigeration  Ice            0%         4d5       100%        7


Dungeon Overview and Level Annotations

Branches:
Dungeon (6/15)             Temple (1/1) D:6

Altars:
Ashenzari
Cheibriados
Dithmenos
Elyvilon
Fedhas
Gozag
Kikubaaqudgha
Makhleb
Nemelex Xobeh
Ru
Trog
Uskayaw
Vehumet
Wu Jian
Xom
Yredelemnul

Annotations:
D:3 1 runed translucent door, Crazy Yiuf


Innate Abilities, Weirdness & Mutations

You are too large for most types of armour.
You have tough skin. (AC +1)


Message History

Your Maces & Flails skill increases to level 9!
Your Invocations skill increases to level 2!
You see here a sky beast corpse.
You pick up a book of Burglary and begin reading...
You add the spells Passwall, Ensorcelled Hibernation and Swiftness to your library.
A manticore comes into view.
Found 8 gold pieces.
You see here a +0 morningstar.
C - a +0 morningstar The manticore bites you.
The manticore claws you but does no damage. x2
You hit the manticore but do no damage.
Your weapon exudes an aura of protection.
The manticore bites you but does no damage.
The manticore closely misses you.
The manticore claws you but does no damage.
You hit the manticore but do no damage. The manticore bites you!
The manticore claws you but does no damage.
The manticore closely misses you.
You hit the manticore but do no damage. The manticore bites you!
The manticore claws you. The manticore claws you!
You hit the manticore.
The manticore is lightly wounded.
The manticore bites you. The manticore claws you!
The manticore claws you but does no damage.
You hit the manticore but do no damage. The manticore bites you!
* * * LOW HITPOINT WARNING * * *
The manticore claws you.
* * * LOW HITPOINT WARNING * * *
The manticore barely misses you.
You hit the manticore.
The manticore is lightly wounded.
The manticore bites you!
* * * LOW HITPOINT WARNING * * *
The manticore claws you but does no damage.
The manticore barely misses you.
It was a potion of might.
You feel very mighty all of a sudden. The manticore bites you!
You die...

###########.#
#......†....#
#.####.....#####
#...........(...
#..###.....#####
#..# ##...##
#..########
#######.....#
#$..H@......#
#.#####.##..#
#.# ..# ... ..#
#.#.# .# #. .#
.# ## ##


You could see a manticore.

Vanquished Creatures
  Sigmund (D:4)
  A sky beast (D:6)
  A hornet zombie (D:6)
  A necrophage (D:3)
  A scorpion (D:5)
  A wyvern skeleton (D:6)
  A hound (D:5)
  A jelly (D:5)
  A centaur skeleton (D:6)
  2 orc priests
  An iguana (D:4)
  4 orc wizards
  2 hound zombies
  4 gnolls (D:4)
  6 adders
  A white imp (D:5)
  An ufetubus (D:3)
  2 adder skeletons (D:5)
  2 dart slugs
  19 orcs
  3 ball pythons
  8 bats
  5 endoplasms
  5 giant cockroaches
  9 goblins
  7 hobgoblins
  4 jackals (D:1)
  3 quokkas
  5 frilled lizards
  6 kobolds
  A quokka skeleton (D:4)
  5 rats
114 creatures vanquished.

Vanquished Creatures (others)
  An orc priest (D:4)
1 creature vanquished.

Grand Total: 115 creatures vanquished

Notes
Turn   | Place    | Note
-------+----------+-------------------------------------------
     0 | D:1      | crazypyro the Ogre Monk began the quest for the Orb.
     0 | D:1      | Reached XP level 1. HP: 24/24 MP: 1/1
   195 | D:1      | Reached skill level 3 in Maces & Flails
   232 | D:1      | Reached XP level 2. HP: 30/32 MP: 2/2
   340 | D:1      | Found a faded altar of an unknown god.
   677 | D:1      | Reached XP level 3. HP: 39/39 MP: 3/3
   928 | D:2      | Reached skill level 4 in Maces & Flails
  1130 | D:2      | Found an ancient bone altar of Kikubaaqudgha.
  1226 | D:2      | Reached XP level 4. HP: 48/48 MP: 4/4
  2233 | D:3      | Reached skill level 5 in Maces & Flails
  2236 | D:3      | Reached XP level 5. HP: 54/54 MP: 5/5
  2277 | D:3      | Noticed a necrophage
  2288 | D:3      | Killed a necrophage
  2307 | D:3      | Found a runed translucent door.
  2308 | D:3      | Noticed Crazy Yiuf
  2339 | D:3      | Reached XP level 6. HP: 48/62 MP: 6/6
  2810 | D:4      | Found a snail-covered altar of Cheibriados.
  2816 | D:4      | Found a sacrificial altar of Ru.
  2823 | D:4      | Reached skill level 6 in Maces & Flails
  3161 | D:4      | Noticed Sigmund
  3171 | D:4      | Killed Sigmund
  3172 | D:4      | Reached skill level 7 in Maces & Flails
  3172 | D:4      | Reached XP level 7. HP: 63/70 MP: 7/7
  3742 | D:5      | Entered Level 5 of the Dungeon
  4114 | D:5      | Found a blossoming altar of Fedhas.
  4404 | D:5      | Reached skill level 8 in Maces & Flails
  5070 | D:6      | Found a staircase to the Ecumenical Temple.
  5094 | D:6      | Reached XP level 8. HP: 68/78 MP: 8/8
  5100 | Temple   | Entered the Ecumenical Temple
  5265 | Temple   | Became a worshipper of Makhleb the Destroyer
  5265 | Temple   | Reached * piety under Makhleb
  5265 | Temple   | Reached ** piety under Makhleb
  5416 | D:6      | Reached skill level 1 in Invocations
  5588 | D:6      | Reached skill level 9 in Maces & Flails
  5644 | D:6      | Noticed a manticore
  5665 | D:6      | Slain by a manticore

Illustrated notes

Levels and vault maps discovered:
D:1:      evilmike_arrival_hilbert_curve, layout_loops_ring,
          shapermc_ecumenical_altar_pompeii
D:2:      cheibrodos_helix_gallery, layout_basic, basic_altar
D:3:      layout_basic, st_stairs_9, uniq_crazy_yiuf_cottage
D:4:      layout_cave_pools, chequers_temple_overflow_statue_of_worship,
          grunt_ministairs_10, uniq_sigmund
D:5:      layout_basic, fedhas_altar_1, lemuel_flamethrower_1
D:6:      layout_loops_ring, minmay_temple_entry_trees, ebering_ghost_sewer_f,
          minmay_misc_feat_alley
Temple:   oiseaux_autumnal_temple

Skill      XL: |  1  2  3  4  5  6  7  8 |
---------------+-------------------------+-----
Maces & Flails | 3 4 5 7 8 9 |  9.0
Invocations    | 2 |  2.0
Fighting       | |  4.0
Dodging        | |  2.6
Stealth        | |  1.4

Action                   |  1- 3 |  4- 6 |  7- 9 || total
-------------------------+-------+-------+-------++-------
Melee: Mace              |    86 |       |       ||    86
       Whip              |    31 |   128 |    88 ||   247
       Punch             |       |     1 |     5 ||     6
       Flail             |       |       |   100 ||   100
  Use: Potion            |       |       |     1 ||     1
 Stab: Sleeping          |     6 |     1 |       ||     7
Armor: Robe              |    60 |    48 |    95 ||   203
Dodge: Dodged            |    86 |    68 |    63 ||   217
